[Event "*** MasterClass Titled Tuesday Blitz"]
[Site "Chess.com"]
[Date "2017.08.01"]
[Round "4"]
[White "Rbrrt"]
[Black "stepanosinovsky"]
[Result "1-0"]
[WhiteElo "2315"]
[BlackElo "2285"]
[TimeControl "180+2"]
[EndTime "13:51:58 PDT"]
[Termination "Rbrrt won by resignation"]

1. e4 e5 2. Nf3 Nc6 3. d4 exd4 4. Nxd4 Bc5 5. Nb3 Bb6 6. Nc3 Nf6 7. Qe2 O-O 8. Be3 Re8 9. f3 d5 10. O-O-O d4 11. Kb1 Be6 12. Na4 Bxb3 13. axb3 Nd5 14. Bf2 Qf6 15. Qd2 Ne3 16. Nxb6 Nxd1 17. Nd5 Qd6 18. Qxd1 a5 19. Bb5 Rec8 20. Bxc6 bxc6 21. Bg3 Qc5 22. Nf4 a4 23. Nd3 Qb5 24. b4 a3 25. b3 a2+ 26. Ka1 Ra3 27. Qd2 f6 28. Nc5 Rd8 29. Qd3 Qxb4 30. Ne6 Rd7 31. Rd1 c5 32. Qc4 Qxc4 33. bxc4 Ra5 34. c3 d3 35. Bf2 Ra4 36. Nxc5 Rd8 37. Nxa4 Ra8 38. Nb2 1-0

[Event "*** MasterClass Titled Tuesday Blitz"]
[Site "Chess.com"]
[Date "2017.08.01"]
[Round "4"]
[White "michaelq2d5"]
[Black "MaestroASK"]
[Result "1-0"]
[WhiteElo "2595"]
[BlackElo "2469"]
[TimeControl "180+2"]
[EndTime "13:51:59 PDT"]
[Termination "michaelq2d5 won by resignation"]

1. d4 d6 2. Nf3 g6 3. c4 Bg7 4.
Nc3 e5 5. e4 c6 6. Be2 f6 7. d5 c5 8. a3 Bh6 9. b4 b6 10. Rb1 Bxc1 11. Qxc1 Kf7 12. h4 h5 13. O-O Kg7 14. Nh2 Nh6 15. f4 exf4 16. Qxf4 Qe7 17.
bxc5 bxc5 18. Rf3 Nd7 19. Rg3 Nf7 20. Nf1 Nde5 21. Ne3 Kh7 22. Rf1 Kg7 23. Nf5+ Bxf5 24. exf5 Rh6 25. Ne4 Ng4 26. Bxg4 hxg4 27. fxg6 Ne5 28. h5 Rxh5 29. Nxf6 Rh6 30. Nxg4 Rxg6 31. Nxe5 dxe5 32. Rxg6+ Kxg6 33. Qf5+ Kg7 34. Rf3 Qh4 35.
Qxe5+ Kg8 36. Qe6+ Kh8 37. Rh3 Qxh3 38. Qxh3+ Kg7 39. Qd7+ 1-0

[Event "*** MasterClass Titled Tuesday Blitz"]
[Site "Chess.com"]
[Date "2017.08.01"]
[Round "4"]
[White "GM_dmitrij"]
[Black "jcibarra"]
[Result "0-1"]
[WhiteElo "2469"]
[BlackElo "2655"]
[TimeControl "180+2"]
[EndTime "13:52:02 PDT"]
[Termination "jcibarra won by resignation"]

1. e4 c5 2. Nf3 d6 3. d4 cxd4 4. Nxd4 Nf6 5. Nc3 a6 6. Bg5 e6 7. f4 Be7 8. Qf3 Qa5 9. O-O-O Bd7 10. Bxf6 Bxf6 11. e5 dxe5 12. Nxe6 Bxe6 13. Qxb7 O-O 14. Qxa8 exf4 15. Nd5 Bg5 16. h4 Bh6 17. Kb1 Bg4 18. b4 Qa4 19. Bc4 Bxd1 20. Rxd1 Qe8 21. Qb7 Kh8 22.
Ne7 g6 23. h5 Bg5 24. Nd5 Qe4 25. Bb3 Qxg2 26. hxg6 fxg6 27. Qc7 Bh6 28. Nf6 Bg7 29. Qe7 Nc6 30. Qe6 Bxf6 31. Bd5 Nd4 32. Qxf6+ Rxf6 33. Bxg2 f3 34. Bf1 Nf5 35. Kc1 g5 36. Bh3 Ne3 37. Re1 g4 0-1

[Event "*** MasterClass Titled Tuesday Blitz"]
[Site "Chess.com"]
[Date "2017.08.01"]
[Round "4"]
[White "1lec"]
[Black "Grootneus"]
[Result "1-0"]
[WhiteElo "2055"]
[BlackElo "2048"]
[TimeControl "180+2"]
[EndTime "13:52:05 PDT"]
[Termination "1lec won by resignation"]

1. e4 c5 2. Nf3 Nc6 3. d4 cxd4 4.
Nxd4 Nf6 5. Nc3 e5 6. Ndb5 d6 7. Bg5 a6 8. Na3 b5 9. Nd5 Be7 10. Bxf6 Bxf6 11. c3 Bg5 12. Nc2 Rb8 13. g3 O-O 14.
Bg2 f5 15. exf5 Ne7 16. Ncb4 Bxf5 17. O-O Rc8 18. Nxa6 Kh8 19. Nab4 Nxd5 20. Nxd5 Rc5 21. a4 bxa4 22. Rxa4 Qb8 23. Rb4 Qa7 24. Qa1 Ra5 25. Qd1 Be6 26. Qh5 Bh6 27. Be4 Bxd5 28. Bc2 Ra1 29. Bd1 Rxd1 30. Qxd1 Qxf2+ 31. Rxf2 Be3 32. Qxd5 Bxf2+ 33. Kg2 Bc5 34. Rb7 Rf2+ 35. Kh3 Rf8 36. Qb3 h5 37. Rb8 1-0

[Event "*** MasterClass Titled Tuesday Blitz"]
[Site "Chess.com"]
[Date "2017.08.01"]
[Round "4"]
[White "prochn"]
[Black "IMcoach"]
[Result "1-0"]
[WhiteElo "2267"]
[BlackElo "2324"]
[TimeControl "180+2"]
[EndTime "13:52:07 PDT"]
[Termination "prochn won by checkmate"]

1. d4 Nf6 2. c4 g6 3. g3 Bg7 4.
Bg2 O-O 5. Nf3 d6 6. O-O Nbd7 7. Nc3 e5 8. e4 a6 9. h3 Rb8 10.
d5 b5 11. cxb5 axb5 12. b4 Nb6 13. Nxb5 Nxe4 14. a4 Ba6 15. Re1 Nf6 16. Na7 Bb7 17. Nc6 Bxc6 18. dxc6 Re8 19. Ng5 h6 20. Ne4 Nxe4 21.
Bxe4 d5 22. Bg2 e4 23. Rb1 Nc4 24. Qc2 Ne5 25. b5 f5 26. Rd1 d4 27. Bxe4 fxe4 28.
Qxe4 Qf6 29. Bf4 Rbd8 30. a5 g5 31. Bxe5 Rxe5 32. Qd3 Rf5 33. Rd2 Rf3 34. Qc4+ Kh8 35. b6 Rf8 36. Rbb2 d3 37. Ra2 Qe5 38. Qg4 Qe1+ 39.
Kg2 Rxf2+ 40. Rxf2 Rxf2+ 41. Rxf2 d2 42. bxc7 d1=Q 43.
c8=Q+ Kh7 44. Qgf5# 1-0

[Event "*** MasterClass Titled Tuesday Blitz"]
[Site "Chess.com"]
[Date "2017.08.01"]
[Round "4"]
[White "GMHess"]
[Black "TregubovP"]
[Result "0-1"]
[WhiteElo "2594"]
[BlackElo "2499"]
[TimeControl "180+2"]
[EndTime "13:52:08 PDT"]
[Termination "TregubovP won by resignation"]

1. e4 c5 2. Nc3 e6 3. g3 d5 4. exd5 exd5 5. Bg2 Nf6 6. Nge2 d4 7. Ne4 Nxe4 8. Bxe4 Nd7 9. O-O Nf6 10.
Bg2 Bd6 11. d3 O-O 12. h3 Re8 13. Nf4 Rb8 14. Bd2 Bd7 15. Nh5 g6 16. Bf4 Bxf4 17.
Nxf4 Qc8 18. Re1 Bc6 19. Rxe8+ Qxe8 20. Qe1 Bxg2 21. Nxg2 Qc6 22. Qa5 b6 23. Qd2 Re8 24.
Re1 Nd5 25. a3 Qb5 26. Rxe8+ Qxe8 27. Nf4 Nf6 28. Qe2 Qxe2 29. Nxe2 Nd5 30. Kg2 f5 31. Kf3 Kf7 32. Nf4 Ne7 33. h4 Kf6 34. g4 Nc6 35.
Nd5+ Ke5 36. Nc7 Kd6 37. Nb5+ Kd7 38. gxf5 a6 39. fxg6 hxg6 40. Kf4 axb5 41. Kg5 Ne5 42. f4 Nf3+ 43. Kxg6 Nxh4+ 44. Kf6 Kd6 45. f5 c4 46.
Kg5 Nf3+ 47. Kg6 cxd3 48. cxd3 Ne5+ 49. Kg7 Nxd3 50. f6 Ne5 51. Kf8 d3 0-1

[Event "*** MasterClass Titled Tuesday Blitz"]
[Site "Chess.com"]
[Date "2017.08.01"]
[Round "4"]
[White "Gordima"]
[Black "IIIlllII1llIl"]
[Result "0-1"]
[WhiteElo "2601"]
[BlackElo "2637"]
[TimeControl "180+2"]
[EndTime "13:52:15 PDT"]
[Termination "IIIlllII1llIl won on time"]

1. c4 b6 2. Nc3 Bb7 3. d4 e6 4. Qc2 Bb4 5. a3 Bxc3+ 6. Qxc3 Nf6 7. Nf3 O-O 8. e3 d5 9. b3 c5 10. Be2 cxd4 11. exd4 dxc4 12. bxc4 Nc6 13. O-O Rc8 14. Bb2 Na5 15. Ne5 Ne4 16. Qe3 f6 17. d5 Nd6 18.
dxe6 fxe5 19. Qxe5 Qe7 20. Rad1 Rcd8 21. Rd4 Nc6 22. Qd5 Nxd4 23. Qxd4 Nf5 24. Qe5 Rde8 25. Bh5 Qxe6 26. Bxe8 Qxe5 27. Bxe5 Rxe8 28. f4 Ne3 29. Rc1 Rc8 30. Rc3 Nxc4 31. Bd4 Nd6 32. Rd3 Rc1+ 33. Kf2 Ne4+ 34. Ke3 Re1+ 35. Kf3 Nc5+ 0-1

[Event "*** MasterClass Titled Tuesday Blitz"]
[Site "Chess.com"]
[Date "2017.08.01"]
[Round "4"]
[White "michaelk123"]
[Black "politeplayer"]
[Result "1-0"]
[WhiteElo "2331"]
[BlackElo "2203"]
[TimeControl "180+2"]
[EndTime "13:52:18 PDT"]
[Termination "michaelk123 won on time"]

1. e4 c5 2. Nf3 Nc6 3. Bb5 d6 4.
d4 cxd4 5. Qxd4 Bd7 6. Qd3 g6 7.
c4 Bg7 8. Nc3 Nf6 9. h3 O-O 10. O-O Rc8 11. Be3 a6 12. Bxc6 Bxc6 13. Nd4 Nd7 14. Qd2 Nc5 15. f3 Qd7 16. Rac1 Ne6 17.
Rfd1 Be5 18. b4 Nxd4 19. Bxd4 Bxd4+ 20. Qxd4 Qe6 21. a3 b5 22. Nd5 bxc4 23. Rxc4 Bb5 24.
Rc3 Rxc3 25. Qxc3 f5 26. Nc7 Qf7 27. e5 dxe5 28. Qxe5 Bc4 29. Re1 e6 30. Qc5 Bd5 31.
Qd6 Rc8 32. Nxe6 Bxe6 33. Rxe6 1-0

[Event "*** MasterClass Titled Tuesday Blitz"]
[Site "Chess.com"]
[Date "2017.08.01"]
[Round "4"]
[White "TigranLPetrosyan"]
[Black "maciek_92"]
[Result "1-0"]
[WhiteElo "2750"]
[BlackElo "2520"]
[TimeControl "180+2"]
[EndTime "13:52:22 PDT"]
[Termination "TigranLPetrosyan won by resignation"]

1. Nf3 Nf6 2. g3 b6 3. Bg2 Bb7 4. d3 d5 5. Nbd2 e6 6. O-O Nbd7 7. Re1 Bc5 8. e3 O-O 9. Qe2 e5 10. e4 Re8 11. c3 a5 12. a4 Bf8 13. exd5 Bxd5 14. Ne4 Nxe4 15. dxe4 Bb7 16. Bg5 Qc8 17. Bh3 Bc6 18. Red1 Bd6 19. Nh4 Qb7 20. Nf5 Bxe4 21. Nxd6 cxd6 22. Bxd7 Bh1 23. Bh3 Bf3 24. Qb5 h6 25.
Be3 d5 26. Re1 Rab8 27. Bd2 Qe7 28. Re3 Qf6 29. Rae1 Rbd8 30. Qd3 Bh5 31. Qf5 Qxf5 32. Bxf5 e4 33. g4 g6 34. gxh5 gxf5 35. Rg3+ Kh7 36. Be3 Rg8 37. Kg2 Rb8 38. Kh3 b5 39. axb5 Rxb5 40.
Reg1 Rxg3+ 41. Rxg3 Rxb2 42. Bd4 f6 43. Bxf6 Rb7 44.
Bd4 f4 45. Rg6 a4 46. Ra6 Rf7 47. Ra8 1-0

[Event "*** MasterClass Titled Tuesday Blitz"]
[Site "Chess.com"]
[Date "2017.08.01"]
[Round "4"]
[White "FMVolodymyrSakun"]
[Black "ShimanovAlex"]
[Result "1-0"]
[WhiteElo "2524"]
[BlackElo "2611"]
[TimeControl "180+2"]
[EndTime "13:52:23 PDT"]
[Termination "FMVolodymyrSakun won by checkmate"]

1. e4 c6 2. d4 d5 3. e5 Bf5 4. Nf3 e6 5. Be2 Ne7 6. O-O Bg6 7. Nbd2 c5 8. dxc5 Nec6 9. c4 d4 10. Re1 Na6 11. a3 Nxc5 12. b4 Nd7 13. Nb3 Ndxe5 14. b5 Nxf3+ 15. Bxf3 Ne7 16. Bxb7 Rb8 17. Bf3 d3 18.
Bf4 Rc8 19. Rc1 Qd7 20. Na5 f6 21. Nc6 e5 22. Bd2 Nxc6 23. Bxc6 Rxc6 24. bxc6 Qxc6 25. Qb3 Bd6 26. c5 Bc7 27. Qc4 Ke7 28. f4 e4 29.
Qxd3 Rd8 30. Qe2 Kf7 31. Be3 Rd3 32. a4 a5 33. Qa2+ Ke7 34. Qg8 Rxe3 35. Rxe3 Bxf4 36. Qxg7+ Ke6 37. Qg8+ Ke7 38. Qb3 Bxe3+ 39. Qxe3 f5 40.
Qd4 Bf7 41. Qe5+ Be6 42. Rd1 Qxa4 43. Qg7+ Bf7 44. Qg5+ Ke6 45. Rd6+ Ke5 46. Qg7+ Kf4 47. Qg3# 1-0

[Event "*** MasterClass Titled Tuesday Blitz"]
[Site "Chess.com"]
[Date "2017.08.01"]
[Round "4"]
[White "pedromartinez91"]
[Black "MartinMatthiesen"]
[Result "1-0"]
[WhiteElo "2335"]
[BlackElo "2211"]
[TimeControl "180+2"]
[EndTime "13:52:24 PDT"]
[Termination "pedromartinez91 won by resignation"]

1. e4 e5 2. Nf3 Nc6 3. Bb5 a6 4. Ba4 Nf6 5. O-O Be7 6. Bxc6 dxc6 7. d3 Nd7 8. Nbd2 O-O 9. Nc4 f6 10. Nh4 Nc5 11. Be3 Ne6 12. Qh5 Qe8 13. Qxe8 Rxe8 14. Nf5 Bf8 15. c3 c5 16. a4 a5 17. Rad1 b6 18.
Bc1 Ba6 19. Nfe3 Rad8 20. Nd5 Bb7 21. Nce3 Bc6 22. b3 Rd7 23. g3 Rb8 24. f4 b5 25.
fxe5 bxa4 26. bxa4 Bxa4 27. Rde1 fxe5 28. Nc4 Rdd8 29. Nxe5 Bc2 30. Rf2 Bb1 31. Ba3 Bd6 32. Nc6 Bxd3 33. Nxd8 Rxd8 34. Rd2 c4 35. Bxd6 cxd6 36.
Ra2 Ng5 37. Rea1 Bxe4 38. Rxa5 Nh3+ 39. Kf1 Rf8+ 40. Ke1 Ng5 41. Nf4 Nf3+ 42. Ke2 g5 43.
Nh5 Ne5 44. Ke3 Bd3 45. Ra8 Ng4+ 46. Kd4 Rxa8 47. Rxa8+ Kf7 48. h3 Nf2 49. Ra7+ Kg6 50. g4 Nxh3 51. Rd7 Nf2 52. Rxd6+ Kf7 53. Rf6+ Ke7 54.
Rxf2 Ke6 55. Ng3 1-0

[Event "*** MasterClass Titled Tuesday Blitz"]
[Site "Chess.com"]
[Date "2017.08.01"]
[Round "4"]
[White "Bryakin_Mikhail"]
[Black "rubhani"]
[Result "1-0"]
[WhiteElo "2541"]
[BlackElo "2388"]
[TimeControl "180+2"]
[EndTime "13:52:26 PDT"]
[Termination "Bryakin_Mikhail won by resignation"]

1. d4 Nf6 2. c4 c5 3. d5 b5 4.
cxb5 a6 5. e3 axb5 6. Bxb5 Qa5+ 7. Nc3 Bb7 8. Bd2 g6 9. Nge2 Bg7 10. O-O O-O 11. a4 Qb6 12. e4 d6 13. Qc2 Ba6 14.
h3 Bxb5 15. axb5 Nbd7 16. Be3 Qb7 17. Ra3 Rfb8 18. Rfa1 Ne8 19. Rxa8 Rxa8 20. Rxa8 Qxa8 21. Qa4 Qb8 22. b4 Nb6 23. Qb3 c4 24. Qa3 Nc7 25.
Qa5 Nca8 26. Bd4 Bh6 27. f4 e5 28. fxe5 dxe5 29. Bc5 Bd2 30. d6 Qd8 31. Nd5 Qh4 32. Bxb6 Qe1+ 33. Kh2 Qxe2 34. d7 Qxe4 35. d8=Q+ Kg7 36.
Qf6+ Kh6 37. Qf3 1-0

[Event "*** MasterClass Titled Tuesday Blitz"]
[Site "Chess.com"]
[Date "2017.08.01"]
[Round "4"]
[White "HouseOfDurin"]
[Black "CheckThis4"]
[Result "0-1"]
[WhiteElo "1851"]
[BlackElo "2305"]
[TimeControl "180+2"]
[EndTime "13:52:30 PDT"]
[Termination "CheckThis4 won on time"]

1. d4 e6 2. c4 f5 3. d5 Nf6 4.
dxe6 Bb4+ 5. Bd2 Bxd2+ 6. Qxd2 dxe6 7. Qxd8+ Kxd8 8. Nc3 a6 9. g3 Ke7 10. Bg2 e5 11. e4 Nc6 12. Nd5+ Nxd5 13. exd5 Nd4 14. Kd2 c5 15. dxc6 bxc6 16. Re1 Kf6 17. Nf3 Rd8 18. Kc3 Nxf3 19. Bxf3 e4 20. Be2 c5 21. Rd1 Be6 22.
Rxd8 Rxd8 23. Rd1 Rxd1 24. Bxd1 a5 25. h4 Ke5 26. a3 g6 27. b4 cxb4+ 28. axb4 axb4+ 29. Kxb4 Kd4 30. c5 Bd7 31. Be2 h6 32. Bb5 Bc8 33. Be8 g5 34. hxg5 hxg5 35. c6 f4 36. gxf4 gxf4 37. Bd7 e3 38. fxe3+ fxe3 39. Bxc8 e2 0-1

[Event "*** MasterClass Titled Tuesday Blitz"]
[Site "Chess.com"]
[Date "2017.08.01"]
[Round "4"]
[White "Jadro9"]
[Black "Divertissement"]
[Result "1-0"]
[WhiteElo "2366"]
[BlackElo "2389"]
[TimeControl "180+2"]
[EndTime "13:52:41 PDT"]
[Termination "Jadro9 won by resignation"]

1. e4 e6 2. d4 d5 3. exd5 exd5 4. c4 Nf6 5. Nc3 Be7 6. Bd3 dxc4 7. Bxc4 O-O 8. Nge2 c6 9. O-O Nbd7 10. h3 Nb6 11. Bd3 Nbd5 12. Ng3 g6 13. Bh6 Re8 14. Re1 Bf8 15. Bxf8 Rxf8 16. Qd2 Kg7 17. Qg5 Be6 18.
Qe5 Qc7 19. Nxd5 Qxe5 20. dxe5 Nxd5 21. Ne4 b6 22. a3 c5 23. Bb5 Rad8 24. Rad1 Nc7 25.
Bf1 Bb3 26. Rxd8 Rxd8 27. Nd6 Ne8 28. Ne4 Rd5 29. f4 Rd4 30. g3 Nc7 31. Re3 c4 32. Kf2 b5 33. Nd6 a5 34. f5 b4 35. axb4 axb4 36.
f6+ Kg8 37. Re1 c3 38. bxc3 bxc3 39. Re3 c2 40. Rxb3 h5 41. Rc3 Rd2+ 42. Ke3 Rd1 43.
Rxc7 c1=Q+ 44. Rxc1 Rxc1 45. Bc4 Re1+ 46. Kf4 g5+ 47. Kf5 h4 48. gxh4 gxh4 49. Nxf7 Kf8 50. Ng5 Rc1 51. Nh7+ Ke8 52. f7+ Kd7 53. Be6+ 1-0

[Event "*** MasterClass Titled Tuesday Blitz"]
[Site "Chess.com"]
[Date "2017.08.01"]
[Round "4"]
[White "BilodeauA"]
[Black "djogrodek1"]
[Result "0-1"]
[WhiteElo "2585"]
[BlackElo "2418"]
[TimeControl "180+2"]
[EndTime "13:52:43 PDT"]
[Termination "djogrodek1 won on time"]

1. e4 c5 2. Nf3 d6 3. d4 cxd4 4. Nxd4 Nf6 5. Nc3 g6 6. Be3 Bg7 7. f3 O-O 8. Qd2 Nc6 9. Bc4 Bd7 10. O-O-O Rc8 11. Bb3 Nxd4 12. Bxd4 b5 13. Kb1 a5 14. Nd5 Nxd5 15. Bxd5 Bxd4 16. Qxd4 Qc7 17. c3 Qc5 18. Qxc5 Rxc5 19. a3 Rb8 20. Rd4 Be6 21. Rc1 Kg7 22.
b4 Rc7 23. Kb2 Ra7 24. f4 Rc7 25. Rf1 Rbc8 26. Rf3 axb4 27. axb4 Ra7 28. f5 Bxd5 29. Rxd5 Rca8 30. Rxb5 Ra2+ 31. Kb3 R8a3+ 32. Kc4 Rxg2 33. fxg6 hxg6 34. Rb7 Kf8 35. h3 Re2 36. Kd3 Raa2 37. Rf4 Rad2+ 38. Kc4 Rxe4+ 39. Rxe4 d5+ 40. Kb3 dxe4 41.
Rb5 f6 42. Ra5 e3 43. Ra1 e2 44. Re1 f5 45. b5 f4 46. b6 f3 47. b7 Rd8 48. Kc4 f2 0-1

[Event "*** MasterClass Titled Tuesday Blitz"]
[Site "Chess.com"]
[Date "2017.08.01"]
[Round "4"]
[White "Rsnr"]
[Black "Witik"]
[Result "0-1"]
[WhiteElo "2521"]
[BlackElo "2582"]
[TimeControl "180+2"]
[EndTime "13:52:44 PDT"]
[Termination "Witik won by resignation"]

1. d4 Nf6 2. c4 e6 3. Nf3 d5 4. e3 c5 5. cxd5 exd5 6. Bb5+ Nc6 7. O-O Bd6 8. dxc5 Bxc5 9. Bd2 O-O 10. Bc3 Re8 11.
Nbd2 Bg4 12. h3 Bh5 13. Be2 a6 14. Nb3 Ba7 15. Rc1 Ne4 16. Bd4 Bb8 17. Re1 Qd6 18. Qd3 Re6 19. Bc5 Qd8 20. Nbd4 Rg6 21. Nf5 Be5 22.
Nxe5 Nxe5 23. Qxd5 Bxe2 24. Rxe2 Qxd5 25. Ne7+ Kh8 26.
Nxd5 Nd3 27. Nf4 Nxc1 28. Nxg6+ hxg6 29. Rc2 Nd3 30. Bd4 Ndxf2 31. Rxf2 Nxf2 32. Kxf2 Rc8 33. Bc3 f6 34. e4 Kg8 35. Ke3 g5 36. Kd4 Kf7 37. Kd5 Rc6 38. g3 Rc8 39. e5 Rh8 40. e6+ Ke8 41. h4 gxh4 42. gxh4 Rxh4 43. Kd6 Re4 44.
Kc7 Rxe6 45. Kxb7 g5 46. a4 g4 47. b4 g3 48. Bd4 g2 49. b5 axb5 50. axb5 Re1 0-1

[Event "*** MasterClass Titled Tuesday Blitz"]
[Site "Chess.com"]
[Date "2017.08.01"]
[Round "4"]
[White "SidArun"]
[Black "Blitzking4444"]
[Result "0-1"]
[WhiteElo "2097"]
[BlackElo "2160"]
[TimeControl "180+2"]
[EndTime "13:52:44 PDT"]
[Termination "Blitzking4444 won by resignation"]

1. e4 e6 2. d4 d5 3. exd5 exd5 4. Nf3 Nc6 5. Bb5 Ne7 6. O-O a6 7. Bd3 Be6 8. c3 Ng6 9. Re1 Bd6 10. Bf5 Qd7 11. Ng5 Nd8 12. Qg4 Nf8 13. Nxh7 Rxh7 14.
Bxh7 Nxh7 15. Qxg7 Nf8 16. f4 Be7 17. f5 Bxf5 18.
Bg5 Nde6 19. Qg8 O-O-O 20. Bxe7 Qxe7 21. Qg3 Qd6 22. Qxd6 Rxd6 23. Nd2 Kd7 24. Rf1 Bg6 25. Nf3 Rb6 26. Ne5+ Ke7 27. b3 Nd7 28. Nxg6+ fxg6 29. Rae1 Nf6 30. Rf3 Ne4 31. Rfe3 Rd6 32. c4 c6 33. c5 Rd8 34. Rd1 Rf8 35. g3 Rf7 36.
b4 Rf8 37. a4 Ra8 38. Rb3 Rf8 39. Re3 Rf7 40. h4 g5 41. h5 g4 42. b5 axb5 43. axb5 N6g5 44. bxc6 bxc6 45. Rb1 Rf6 46. Rb7+ Ke6 47.
Rg7 Kf5 48. Rg6 Rxg6 49. hxg6 Kxg6 50. Rb3 Nf3+ 0-1

[Event "*** MasterClass Titled Tuesday Blitz"]
[Site "Chess.com"]
[Date "2017.08.01"]
[Round "4"]
[White "belisarius64"]
[Black "dzhumagaliev"]
[Result "0-1"]
[WhiteElo "2339"]
[BlackElo "2523"]
[TimeControl "180+2"]
[EndTime "13:52:46 PDT"]
[Termination "dzhumagaliev won by checkmate"]

1. e4 c5 2. Nf3 Nc6 3. Bb5 e6 4. O-O Nge7 5. Re1 a6 6. Bf1 e5 7.
c3 d6 8. h3 Ng6 9. d4 cxd4 10.
cxd4 Be7 11. Nc3 O-O 12. d5 Nb8 13. b4 f5 14. a4 a5 15. bxa5 Qxa5 16. Bd2 Qd8 17.
Bd3 f4 18. Bf1 Na6 19. Nb5 Nh4 20. Nxh4 Bxh4 21. Qf3 Be7 22. Rec1 Bd7 23. Qa3 f3 24. g3 Nc5 25. Rxc5 dxc5 26. d6 Bg5 27. Bxg5 Qxg5 28. Qxc5 Bc6 29. Nc7 h5 30. Ne6 Qf6 31. Nxf8 Rxf8 32.
Kh2 Kh7 33. Qe3 Qxd6 34. a5 Qd4 35. Qg5 Qxf2+ 36. Kh1 Be8 37. Qxe5 Bg6 38. Qd6 Rc8 39. g4 hxg4 40. hxg4 Rc2 41. Qe5 Qh4+ 42. Kg1 Qxg4+ 43. Kh1 Qh4+ 44. Kg1 f2+ 45. Kg2 Bxe4+ 46. Qxe4+ Qxe4+ 47.
Kg3 Rc3+ 48. Kh2 Qh4+ 49. Kg2 Qg3+ 50. Kh1 Qg1# 0-1

[Event "*** MasterClass Titled Tuesday Blitz"]
[Site "Chess.com"]
[Date "2017.08.01"]
[Round "4"]
[White "Spartakus1975"]
[Black "Malev212"]
[Result "1-0"]
[WhiteElo "2548"]
[BlackElo "2484"]
[TimeControl "180+2"]
[EndTime "13:52:46 PDT"]
[Termination "Spartakus1975 won by checkmate"]

1. e3 g6 2. e4 Bg7 3. d4 c6 4. c3 d5 5. Nd2 Nh6 6. Ngf3 O-O 7. Bd3 f6 8. O-O Nf7 9. Re1 e5 10. h3 Nd7 11. dxe5 fxe5 12. b4 a5 13. Bb2 axb4 14. cxb4 d4 15. a4 Nf6 16. Nc4 Nh5 17. Bc1 Be6 18. b5 cxb5 19. Nb2 b4 20. Bc4 Bxc4 21. Nxc4 b5 22. Nb2 Nd6 23. Nd3 bxa4 24. Rxa4 Rxa4 25. Qxa4 Rxf3 26. gxf3 Nf7 27. Qxb4 Bf8 28.
Qb3 Qf6 29. Kg2 Kg7 30. Bd2 Bd6 31. Ra1 Ng5 32. Ra7+ Kh6 33. Ne1 Nf4+ 34. Bxf4 Qxf4 35. Qg8 Bb4 36. Qg7+ Kh5 37. h4 Kxh4 38. Qxh7+ Nxh7 39. Rxh7+ Kg5 40. Nd3 Qd2 41. Nxe5 d3 42. Rf7 Bc5 43.
f4+ Kh6 44. Ng4+ Kh5 45. Nf6+ Kh6 46. Rh7# 1-0

[Event "*** MasterClass Titled Tuesday Blitz"]
[Site "Chess.com"]
[Date "2017.08.01"]
[Round "4"]
[White "josiwales"]
[Black "AllStarShark"]
[Result "1-0"]
[WhiteElo "2288"]
[BlackElo "2306"]
[TimeControl "180+2"]
[EndTime "13:52:47 PDT"]
[Termination "josiwales won by checkmate"]

1. e4 c5 2. Nc3 g6 3. g3 Bg7 4. Bg2 d6 5. d3 e5 6. f4 Nc6 7.
Nge2 h5 8. h3 Nge7 9. O-O h4 10. g4 f5 11. exf5 gxf5 12. g5 Be6 13.
Be3 Qd7 14. fxe5 Bxe5 15. Nf4 Bxf4 16. Bxf4 Ng6 17. Bd5 O-O-O 18. Qd2 Nd4 19. Rae1 Bxd5 20. Nxd5 Qc6 21. c4 Rhe8 22. Kf2 b6 23. b3 Kb7 24. a4 a5 25. Kg1 Nxf4 26. Qxf4 Re5 27. Rxe5 dxe5 28. Qxe5 Re8 29. Qg7+ Kb8 30. Qf6 Re6 31.
Qd8+ Kb7 32. Ne7 Nf3+ 33. Kf2 Rxe7 34. Qxe7+ Ka6 35. Qf6 Qb7 36. g6 Nd4 37. Ke3 Qg2 38. Rxf5 Qe2+ 39. Kf4 Qf3+ 40. Kg5 Qg3+ 41. Kh6 Qxh3 42.
Rxc5 Qe3+ 43. Kh7 h3 44. Rc8 Nc6 45. Qxc6 Qe7+ 46. g7 Qh4+ 47. Kg8 h2 48. Ra8# 1-0

[Event "*** MasterClass Titled Tuesday Blitz"]
[Site "Chess.com"]
[Date "2017.08.01"]
[Round "4"]
[White "djano"]
[Black "jb2mix"]
[Result "0-1"]
[WhiteElo "2332"]
[BlackElo "2460"]
[TimeControl "180+2"]
[EndTime "13:52:47 PDT"]
[Termination "jb2mix won by resignation"]

1. d4 Nf6 2. Nc3 d5 3. Bf4 c6 4.
Qd2 Bf5 5. O-O-O e6 6. f3 b5 7. g4 Bg6 8. h4 h6 9. h5 Bh7 10.
e3 Nbd7 11. Bd3 Qa5 12. Kb1 Bxd3 13. cxd3 b4 14. Nce2 c5 15. dxc5 Nxc5 16. Nd4 Qb6 17. Nge2 Be7 18. Rc1 Nfd7 19. Bg3 a5 20. e4 dxe4 21.
fxe4 Bg5 22. Bf4 Bxf4 23. Nxf4 Ne5 24. Qc2 Ncd7 25. Nf5 O-O 26. d4 exf5 27. dxe5 fxg4 28. Nd5 Qb8 29. e6 fxe6 30. Ne7+ Kf7 31. Ng6 Ne5 32.
Qc7+ Qxc7 33. Rxc7+ Kf6 34. Rf1+ Nf3 35. Nxf8 Rxf8 36.
Kc1 g6 37. hxg6 Kxg6 38. Rc6 Re8 39. Rc5 h5 40. Kd1 Rd8+ 41. Ke2 h4 42. Ke3 e5 43. Rc6+ Kg5 44. Rc7 h3 45. Rh7 Rf8 46. Rc1 g3 47.
Rcc7 Kg4 48. Rcg7+ Ng5 49. Rh6 g2 50. Rf6 g1=Q+ 0-1

[Event "*** MasterClass Titled Tuesday Blitz"]
[Site "Chess.com"]
[Date "2017.08.01"]
[Round "4"]
[White "swayamsm"]
[Black "Fandorine"]
[Result "1-0"]
[WhiteElo "2461"]
[BlackElo "2640"]
[TimeControl "180+2"]
[EndTime "13:52:48 PDT"]
[Termination "swayamsm won on time"]

1. d4 Nf6 2. c4 e6 3. Nc3 c5 4.
d5 exd5 5. cxd5 d6 6. h3 g6 7. Bf4 Bg7 8. e3 O-O 9. Nf3 Na6 10. Bc4 Nc7 11. O-O a6 12. a4 Rb8 13. a5 b5 14.
axb6 Rxb6 15. Qe2 Re8 16. Ra2 Rb4 17. Rd1 Ne4 18. Nxe4 Rxe4 19. Nd2 Re8 20. Nf3 h6 21. Bg3 Qf6 22. Nd2 Nb5 23. Qd3 Qe7 24. Qc2 h5 25.
Nf3 Bf5 26. Qc1 Be4 27. Bh4 Bf6 28. Bxf6 Qxf6 29. Nd2 Nc7 30. Nxe4 Rxe4 31. b3 Kg7 32. Qc2 Re8 33. Bxa6 Qf5 34. Qxf5 gxf5 35. Bc4 Nb5 36. Ra6 1-0

[Event "*** MasterClass Titled Tuesday Blitz"]
[Site "Chess.com"]
[Date "2017.08.01"]
[Round "4"]
[White "Big_Fishy"]
[Black "beastfromweast"]
[Result "0-1"]
[WhiteElo "2239"]
[BlackElo "2286"]
[TimeControl "180+2"]
[EndTime "13:52:49 PDT"]
[Termination "beastfromweast won by resignation"]

1. d4 d5 2. Nc3 Nf6 3. Bf4 c5 4.
e3 a6 5. Nf3 e6 6. Bd3 b5 7. O-O Bb7 8. Re1 Nbd7 9. Ne5 b4 10.
Na4 c4 11. Bf1 Nxe5 12. dxe5 Bc6 13. c3 Nd7 14. cxb4 Bxb4 15. Nc3 O-O 16. Rc1 Qc7 17.
e4 dxe4 18. Qd4 Bc5 19. Qxc4 Qb6 20. Rc2 Rac8 21. Na4 Bxa4 22. Qxa4 Rfd8 23. Qxa6 Ra8 24. Qxb6 Bxb6 25. a3 Nc5 26. Be3 Nd3 27. Bxb6 Nxe1 28. Re2 Rd1 29. Rxe4 Rb8 30. Ba5 Nc2 31. Bc3 Nxa3 32.
g4 Nb1 33. Kg2 Nxc3 34. bxc3 g5 35. Be2 Rc1 36. c4 Rb2 37. Kf3 Rc3+ 38. Kg2 Kg7 39. Bf1 Kf8 40. h4 gxh4 41. g5 h3+ 42. Kg1 h2+ 43.
Kxh2 Rxf2+ 44. Kg1 Rf5 45. Be2 Rxg5+ 46. Kf2 Rf5+ 47. Ke1 Rg3 48. Kd2 Rgg5 49. c5 Rxe5 50. Rc4 Rxc5 51. Ra4 Ra5 52. Rb4 Rg2 53. Ke3 Re5+ 54.
Kd4 Rexe2 0-1

[Event "*** MasterClass Titled Tuesday Blitz"]
[Site "Chess.com"]
[Date "2017.08.01"]
[Round "4"]
[White "Pudor"]
[Black "AdrianaNikolova"]
[Result "0-1"]
[WhiteElo "2217"]
[BlackElo "2283"]
[TimeControl "180+2"]
[EndTime "13:52:51 PDT"]
[Termination "AdrianaNikolova won by resignation"]

1. d4 Nf6 2. c4 e6 3. Nc3 Bb4 4. Qc2 c5 5. dxc5 O-O 6. a3 Bxc5 7. Nf3 b6 8. b4 Be7 9. Bg5 Bb7 10.
e3 Nc6 11. Rd1 d6 12. Be2 a6 13. O-O Qc7 14. Qd2 Rfd8 15. h3 Rac8 16. Bf4 Ne5 17.
Bxe5 dxe5 18. Qb2 Bf8 19. Na4 e4 20. Nd4 Nd7 21. Rc1 g6 22. Rfd1 Bg7 23. c5 bxc5 24. Nxc5 Nxc5 25. Rxc5 Qb6 26. Rdc1 Rxc5 27. Rxc5 Bd5 28.
Qc3 h5 29. Ra5 Bb7 30. Rc5 Qd6 31. Rc7 Bd5 32. Qc5 Be5 33. Rc8 Kh7 34. Rxd8 Qxd8 35. Bxa6 Bd6 36. Qc2 Qg5 37. Bf1 Qe5 38. g3 h4 39. Ne2 hxg3 40. fxg3 Qa1 41. Kg2 Qxa3 42. b5 Qxe3 43. Qb2 Qf3+ 44. Kg1 Bc5+ 45. Kh2 Qf2+ 46. Bg2 e3 47. Nf4 Qxb2 0-1